 Dungeon Crawl Stone Soup version 0.26-a0-639-g72c4674329 (webtiles) character file.

Game seed: 785299238879507802

(classic levelgen) 353486 EnegeticOcto the Severer (level 20, -32/270 HPs)
             Began as a Deep Dwarf Fighter on Sept 28, 2020.
             Was the Champion of Makhleb.
             Annihilated by an Orb Guardian (49 damage)
             ... while paralysed
             ... on level 5 of the Realm of Zot.
             The game lasted 00:18:00 (17414 turns).

EnegeticOcto the Severer (Deep Dwarf Fighter)      Turns: 17414, Time: 00:18:00

Health: -32/270    AC: 30    Str: 21 (24) XL:     20   Next: 98%
Magic:  1/14       EV:  2    Int: -1 (1)  God:    Makhleb [******]
Gold:   2454       SH:  0    Dex:  8      Spells: 19/19 levels left

rFire    + + .     SeeInvis .   y - +5 war axe "Lerhich" {drain, rPois MR+}
rCold    + + .     Faith    .   c - +4 kite shield
rNeg     + . .     Spirit   .   G - +6 chain mail of Gluttony {rC+}
rPois    +         Reflect  .   (no helmet)
rElec    +         Harm     .   s - +2 cloak
rCorr    .         Rampage  .   M - +2 pair of gloves (curse)
MR       ++++.     Rnd*Rage +   t - +2 pair of boots Stlth ..........Rnd*Tele +
                                v - amulet "Athriy" {RegenMP rElec rF+ Int-5 Slay+6}
HPRegen  0.00/turn              l - ring "Cihail" {Wiz rF+ rC+}
MPRegen  0.39/turn              E - +4 ring of protection

@: paralysed, berserking, non-regenerating, hasted and slowed, lost intelligence
A: damage resistance, heal wounds, berserk 3, blurry vision 3, clumsy 2,
deformed body, deterioration 2, dopey 2, frail 1, low mp 2, negative energy
resistance 1, sense surroundings 3, teleportitis 1, weak 2, no potion heal 1,
subdued magic 1, no regeneration
}: 3/15 runes: decaying, serpentine, abyssal
a: Heal Wounds, Minor Destruction, Lesser Servant of Makhleb, Major Destruction,
Greater Servant of Makhleb, Renounce Religion


You were on level 5 of the Realm of Zot.
You worshipped Makhleb.
Makhleb was exalted by your worship.
You visited 8 branches of the dungeon, and saw 39 of its levels.
You visited the Abyss 1 time.

You collected 3627 gold pieces.
You spent 1173 gold pieces at shops.

Inventory:

Hand Weapons
 a - a +1 war axe of protection
 y - the +5 war axe "Lerhich" (weapon) {drain, rPois MR+}
   (You bought it in a shop on level 6 of the Dungeon)

   A truly terrible weapon, it drains the life of those it strikes.
   It protects you from poison.
   It affects your resistance to hostile enchantments.
Missiles
 u - 2 throwing nets (quivered)
Armour
 c - a +4 kite shield (worn)
 s - a +2 cloak (worn)
 t - a +2 pair of boots (worn)
 G - the +6 chain mail of Gluttony (worn) {rC+}
   (You found it on level 3 of the Lair of Beasts)

   It protects you from cold.
 M - a cursed +2 pair of gloves (worn)
Jewellery
 l - the ring "Cihail" (left hand) {Wiz rF+ rC+}
   (You found it on level 3 of the Lair of Beasts)

   [ring of wizardry]

   It improves your spell success rate.
   It protects you from fire.
   It protects you from cold.
 v - the amulet "Athriy" (around neck) {RegenMP rElec rF+ Int-5 Slay+6}
   (You took it off a gnoll sergeant on level 5 of the Dungeon)

   [amulet of magic regeneration]

   It increases your magic regeneration.
   It affects your intelligence (-5).
   It affects your accuracy and damage with ranged weapons and melee attacks
   (+6).
   It protects you from fire.
   It insulates you from electricity.
 z - an uncursed ring of positive energy {unknown}
 E - a +4 ring of protection (right hand)
 J - an uncursed ring of flight {unknown}
 N - an uncursed ring of see invisible {unknown}
 O - a +6 ring of strength {unknown}
Wands
 h - a wand of acid (19) {@v1}
 m - a wand of digging (3) {@v3}
 p - a wand of disintegration (32)
 q - a wand of paralysis (9)
 H - a wand of polymorph (25)
Scrolls
 g - 4 scrolls of fog
 i - 5 scrolls of immolation {@r4}
 j - 9 scrolls of remove curse {@r2}
 o - 14 scrolls of teleportation {@r3}
 x - 3 scrolls of identify {@r1}
 D - 3 scrolls of enchant weapon
 P - a scroll of fear
 R - a scroll of enchant armour
Potions
 b - 2 potions of magic
 d - 3 potions of might {@q3}
 e - 13 potions of curing {@q1}
 f - 8 potions of heal wounds {@q2}
 k - a potion of berserk rage
 n - a potion of mutation
 r - 10 potions of stabbing {@q5}
 A - 7 potions of flight
 C - 4 potions of lignification {@q7}
 K - a potion of cancellation
 Q - 2 potions of haste {@q4}
Miscellaneous
 w - a tin of tremorstones (3/3)
 F - a condenser vane (2/2)
 S - a phantom mirror


   Skills:
 * Level 17.0 Fighting
 * Level 20.8 Axes
 + Level 15.7 Armour
 - Level 14.6 Dodging
 - Level 15.0 Shields
 + Level 17.8 Invocations
 - Level 10.0 Evocations


You had 19 spell levels left.
You didn't know any spells.
Your spell library was empty.

Dungeon Overview and Level Annotations

Branches:
Dungeon (15/15)            Temple (1/1) D:7            Lair (3/6) D:9
  Swamp (4/4) Lair:2        Snake (4/4) Lair:3          Orc (2/2) D:12
    Elf (0/3) Orc:2        Depths (5/5) D:15            Zot (5/5) Depths:5
 Vaults: D:13-14

Altars:
Ashenzari
Cheibriados
Elyvilon
Fedhas
Gozag
Makhleb
Okawaru
Qazlal
Ru
Trog
Uskayaw
Wu Jian
Xom
Yredelemnul
Zin
The Shining One
Lugonu

Shops:
D:6 (   D:8 *   Orc:2 =*=?   Snake:4 (   Depths:2 (   Depths:3 (}
Depths:5 }}=

Portals:
Hell: Depths:4
Abyss: Depths:3
Ziggurat: Depths:3
Bazaar: Depths:5
Trove: D:12 (give 5 potions of resistance)

Annotations:
D:4 2 transporters, isidore's ghost, novice MiBe
Swamp:3 exclusion: upstairs
Depths:4 1 exclusion
Zot:2 exclusion: 4 oklob plants


Innate Abilities, Weirdness & Mutations

You are resistant to damage.
You can heal yourself by infusing magical energy.
You resist negative energy. (rN+)
You passively map a large area around you.
You do not regenerate.
You have an uncontrollable temper.
Scrolls take you much longer to read.
You are very clumsy. (Dex -4)
Armour fits poorly on your strangely shaped body.
Your body often deteriorates upon taking damage.
You are very dopey. (Int -4)
You are frail. (-10% HP)
Your magical capacity is very low. (-20% MP)
You are occasionally teleported next to monsters.
You are very weak. (Str -4)
Potions are less effective at restoring your health.
Your spells are a little easier to cast, but a little less powerful.


Message History

You feel better.
Your cacodemon closely misses the orb of fire.
Your cacodemon completely misses the orb of fire.
The golden dragon is engulfed in blazing flames.
The golden dragon bites you. You block the golden dragon's attack.
The golden dragon tramples you but does no damage.
The orb of fire glows deep purple.
Strange energies course through your body.
You feel weaker.
You hit the golden dragon. You drain the golden dragon.
The golden dragon is almost dead.
You hit the golden dragon but do no damage.
You hit the orb of fire. You slash the Orb Guardian! You miss the orb of fire.
Your cacodemon hits the orb of fire but does no damage. x2
The golden dragon is engulfed in blazing flames.
You kill the golden dragon!
Makhleb accepts your kill.
The gold dragon scales are intact enough to wear.
You feel your dexterity returning.
Your Fighting skill increases to level 17!
You hit the storm dragon.
The storm dragon is almost dead.
You slash the golden dragon!
You hit the orb of fire but do no damage.
You closely miss the Orb Guardian. You slash the orb of fire!
The Killer Klown blinks!
The moth of wrath goads the Orb Guardian on!
The Orb Guardian goes berserk!
The Orb Guardian closely misses you. You block the Orb Guardian's attack.
The storm dragon bites you but does no damage.
The storm dragon claws you but does no damage.
The storm dragon tramples you but does no damage.
You slice the storm dragon!!
You kill the storm dragon!
Makhleb accepts your kill.
You feel better.
You slash the golden dragon! You drain the golden dragon.
You closely miss the Orb Guardian. You miss the orb of fire.
You closely miss the Orb Guardian. You slash the orb of fire!
You block the Orb Guardian's attack.
Your cacodemon hits the orb of fire.
Your cacodemon closely misses the orb of fire.
The Orb Guardian is engulfed in blazing flames.
You block the Orb Guardian's attack. You block the golden dragon's attack.
The golden dragon claws you. You block the golden dragon's attack.
You feel you are being watched by something.
You feel your power leaking away.
The orb of fire glows red.
Strange energies course through your body.
Your connection to magic feels subdued.
You closely miss the orb of fire.
The orb of fire is almost destroyed.
You slash something! You barely miss the golden dragon.
You completely miss the Orb Guardian. You closely miss the orb of fire.
You closely miss the Orb Guardian. You block the Orb Guardian's attack.
The Orb Guardian is engulfed in blazing flames.
You block the Orb Guardian's attack. Something hits you.
You feel weakened. Something hits you.
You feel dopey.
You have lost your intelligence.
Something stings you but does no damage.
Your cacodemon hits the orb of fire but does no damage.
Your cacodemon completely misses the orb of fire.
The golden dragon bites you!!
The golden dragon claws you but does no damage.
The golden dragon tramples you but does no damage.
The Orb Guardian hits you!!!
Your body deteriorates!
You feel dopey.
The moth of wrath goads the yellow draconian monk on!
The yellow draconian monk goes berserk!
The Orb Guardian is engulfed in blazing flames.
The Orb Guardian hits you but does no damage. x2
The Orb Guardian is engulfed in blazing flames.
The Orb Guardian hits you but does no damage.
Something hits you but does no damage. x2
Something stings you but does no damage.
The Orb Guardian hits you!!!
Your body deteriorates!
You feel weakened.
Your cacodemon barely misses the orb of fire.
Your cacodemon misses the orb of fire.
The golden dragon bites you but does no damage.
The golden dragon barely misses you.
The golden dragon tramples you but does no damage.
The orb of fire glows deep purple.
Strange energies course through your body.
You feel weaker.
The Orb Guardian is engulfed in blazing flames.
The Orb Guardian hits you!!
* * * LOW HITPOINT WARNING * * *
Your body deteriorates!
You feel weakened.
Your extra speed is starting to run out.
You are no longer poisoned.
The Orb Guardian hits you!!!
* * * LOW HITPOINT WARNING * * *
The Orb Guardian is engulfed in blazing flames.
The Orb Guardian hits you!
* * * LOW HITPOINT WARNING * * *
The Killer Klown blinks!
Something hits you but does no damage. Something hits you.
Something stings you but does no damage.
The Orb Guardian hits you!!!
You die...

▓▓▓▓▓▓▓▓▓▓▓▓▓▓▓
▓▓▓▓...§.○°.^....▓▓▓▓
▓▓▓.......§☼§°{°.2....▓▓
▓▓...^§...§†..qD@*...^..▓*
▓..........☼§§§X*X.......*
▓§..)..p..§..☼☼.y........*
▓.DL...d..○§..p.........▓*
▓p...d..........°......▓▓
..^....§....^...☼.....▓▓
▓D...§.q........L.☼...^▓▓
▓....^.................^▓▓
▓....................zX..▓


You could see 2 orbs of fire, a Killer Klown (drained), a yellow draconian monk
(berserk), a golden dragon (drained), an ancient lich, 2 Orb Guardians, a moth
of wrath and a friendly cacodemon (summoned).

Vanquished Creatures
  4 orbs of fire (Zot:5)
  5 ancient liches (Zot:5)
  Vashnia (Snake:4)
  Bai Suzhen (Depths:3)
  A Killer Klown (Zot:5)
  7 golden dragons
  An electric golem (Zot:5)
  2 tentacled monstrosities
  2 liches
  21 Orb Guardians (Zot:5)
  A quicksilver dragon (Zot:3)
  A titan (Depths:5)
  2 tentacled starspawn
  Agnes (D:15)
  2 sphinxes (Depths:5)
  5 death cobs
  2 shadow dragons
  2 thorn hunters (Swamp:4)
  7 storm dragons
  6 nagarajas (Snake:4)
  2 fire giants
  Aizul (Snake:3)
  3 frost giants
  2 ghost moths
  A cacodemon (Abyss:3)
  Louise (D:15)
  2 spriggan defenders (Depths:3)
  2 draconian stormcallers
  3 draconian annihilators
  6 very ugly things
  4 stone giants
  2 black draconians (Zot:5)
  A starcursed mass (Abyss:2)
  3 purple draconians (Zot:5)
  3 green draconians
  4 white draconians
  5 red draconians
  6 spark wasps
  2 blizzard demons (Abyss:4)
  3 ettins
  A merfolk impaler (Abyss:4)
  A merfolk javelineer (Depths:1)
  An ogre mage (Depths:2)
  5 great orbs of eyes
  Josephine (D:11)
  2 fire dragons
  A yaktaur captain (Depths:5)
  6 ice dragons
  22 hydras
  2 rakshasas
  4 centaur warriors
  Fannar (D:12)
  A catoblepas (Depths:5)
  7 naga warriors
  3 spriggan air magi
  2 anacondas
  A ghost crab (Swamp:3)
  11 alligators
  5 two-headed ogres
  2 deep troll earth magi
  A tengu warrior (D:14)
  2 deep troll shamans
  A shock serpent (Snake:4)
  3 orc high priests (Orc:2)
  3 spriggan berserkers
  6 hell knights
  9 naga sharpshooters
  5 thrashing horrors
  2 wretched stars (Abyss:3)
  6 spriggans
  2 sixfirhies (Abyss:3)
  2 iron trolls (Depths:3)
  An unseen horror (D:10)
  3 glowing orange brains
  A spriggan druid (Swamp:3)
  9 deep trolls
  7 swamp dragons
  A necromancer (Depths:3)
  4 naga ritualists
  2 harpies (Depths:5)
  4 orc knights (Orc:2)
  3 deep elf magi
  The ghost of Yohl the Shield-Bearer, a novice FoFi (D:5)
  5 orc sorcerers
  4 manticores
  2 cyclopes
  A worldbinder (Abyss:4)
  20 ugly things
  4 mana vipers
  Maurice (D:11)
  4 salamanders
  5 moths of wrath
  18 naga magi
  16 black mambas
  9 cane toads
  4 gargoyles
  Psyche (D:11)
  6 smoke demons
  A kobold demonologist (D:12)
  2 tengu conjurers
  3 freezing wraiths (D:15)
  3 komodo dragons
  An ancient zyme (Abyss:4)
  An efreet (D:15)
  2 yaktaurs
  A troll (shapeshifter) (D:15)
  6 trolls
  2 tyrant leeches
  8 hornets
  A wolf spider simulacrum (D:11)
  Prince Ribbit (Lair:3)
  8 blink frogs
  4 raiju (Abyss:4)
  19 slime creatures
  5 bog bodies
  3 hippogriffs
  A flying skull (Abyss:4)
  Sigmund (D:6)
  25 yaks
  3 ynoxinuls
  2 wyverns
  4 shadows
  13 water elementals
  A basilisk (Lair:2)
  6 wraiths
  Grum (D:8)
  18 vampire mosquitoes
  25 nagas
  7 swamp worms
  A harpy simulacrum (D:14)
  4 large abominations
  4 insubstantial wisps
  3 water moccasins
  2 hell hounds (Depths:5)
  4 porcupines
  12 swamp drakes
  3 black bears
  7 sky beasts
  12 orc warriors
  5 ice beasts
  4 hornet zombies
  3 phantoms
  2 eyes of draining (D:4)
  7 ogres
  13 centaurs
  9 wolves
  5 boggarts (Depths:2)
  9 crocodiles
  3 small abominations
  2 big kobolds
  14 bullfrogs
  3 gnoll sergeants (D:5)
  A wyvern zombie (D:12)
  A water moccasin skeleton (D:8)
  9 scorpions
  12 wights
  7 killer bees
  A howler monkey (D:6)
  6 electric eels
  2 centaur zombies
  2 bullfrog zombies
  3 jellies
  A quasit (D:8)
  5 centaur skeletons
  20 orc wizards
  12 orc priests
  A bullfrog skeleton (D:7)
  A gnoll shaman (D:5)
  A hound (D:11)
  2 iguanas
  12 worker ants
  A lightning spire (Abyss:4)
  5 ogre zombies (D:12)
  A hound zombie (D:8)
  2 worker ant zombies (D:6)
  6 adders
  5 gnolls (D:5)
  3 shadow imps
  4 white imps
  2 ufetubi
  An adder skeleton (D:4)
  An adder zombie (D:5)
  4 worms
  A dart slug (D:4)
  3 leopard geckos
  38 orcs
  5 bats
  4 giant cockroaches
  3 goblins
  4 hobgoblins
  16 jackals
  9 quokkas
  A ball python (D:6)
  4 frilled lizards
  2 goblin zombies (D:12)
  2 hobgoblin skeletons (D:12)
  3 hobgoblin zombies (D:12)
  A jackal skeleton (D:7)
  16 kobolds
  2 leopard gecko skeletons
  3 orc skeletons (D:12)
  9 orc zombies (D:12)
  2 quokka skeletons (D:4)
  A quokka zombie (D:8)
  5 rats
  A lurking horror (Abyss:3)
  2 starspawn tentacles (Abyss:3)
967 creatures vanquished.

Vanquished Creatures (collateral kills)
  Nikola (Swamp:1)
  A nagaraja (Snake:4)
  2 fire dragons (Depths:5)
  A merfolk impaler (Depths:5)
  5 hydras
  An ice dragon (Swamp:4)
  4 naga warriors (Snake:4)
  A shambling mangrove (Swamp:4)
  3 naga sharpshooters (Snake:4)
  A thrashing horror (Abyss:4)
  A large abomination (Abyss:4)
  2 swamp dragons (Swamp:4)
  A harpy (Depths:5)
  A manticore (Depths:5)
  A guardian serpent (Snake:4)
  A black mamba (Snake:4)
  6 naga magi (Snake:4)
  A smoke demon (Abyss:4)
  A tyrant leech (Swamp:1)
  A wolf spider simulacrum (Abyss:4)
  4 raiju (Abyss:4)
  2 bog bodies
  3 vampire mosquitoes (Swamp:3)
  2 swamp worms
  3 nagas (Snake:4)
  A swamp drake (Swamp:4)
  5 lightning spires (Abyss:4)
56 creatures vanquished.

Vanquished Creatures (others)
  A draconian knight (Depths:5)
  A guardian serpent (Snake:4)
  2 swamp worms
  A naga (Snake:4)
  A hell hound (Depths:5)
  16 fungi
  19 plants
  2 starspawn tentacles (Abyss:3)
43 creatures vanquished.

Grand Total: 1066 creatures vanquished

Notes
Turn   | Place    | Note
-------+----------+-------------------------------------------
     0 | D:1      | EnegeticOcto the Deep Dwarf Fighter began the quest for the
                  | Orb.
     0 | D:1      | Reached XP level 1. HP: 20/20 MP: 1/1
   130 | D:2      | Reached XP level 2. HP: 25/27 MP: 2/2
   292 | D:2      | Reached skill level 3 in Axes
   371 | D:3      | Reached XP level 3. HP: 31/33 MP: 3/3
   377 | D:3      | Found a shimmering altar of Xom.
   379 | D:3      | Found a shimmering altar of Xom.
   379 | D:3      | Found a shimmering altar of Xom.
   380 | D:3      | Found a shimmering altar of Xom.
   380 | D:3      | Found a shimmering altar of Xom.
   577 | D:3      | Found a white marble altar of Elyvilon.
   669 | D:4      | Found a transporter.
   689 | D:4      | Reached XP level 4. HP: 33/42 MP: 4/4
   700 | D:4      | Noticed isidore's ghost (novice MiBe)
   745 | D:4      | Found a transporter.
   773 | D:4      | Found an iron altar of Okawaru.
   836 | D:4      | Reached skill level 4 in Axes
   836 | D:4      | Reached XP level 5. HP: 32/49 MP: 5/5
   878 | D:4      | Reached XP level 6. HP: 46/56 MP: 6/6
   901 | D:4      | Reached skill level 5 in Axes
  1028 | D:4      | Reached XP level 7. HP: 39/64 MP: 7/7
  1218 | D:4      | Found a bloodstained altar of Trog.
  1229 | D:4      | Reached skill level 5 in Armour
  1229 | D:4      | Reached skill level 5 in Shields
  1235 | D:4      | Reached skill level 6 in Axes
  1334 | D:5      | Entered Level 5 of the Dungeon
  1363 | D:5      | Found a hide-covered altar of Uskayaw.
  1392 | D:5      | Identified the cursed +0 ring mail "Kuemuuda" {Rampage
                  | rElec Slay-3}
  1437 | D:5      | Found an opulent altar of Gozag.
  1502 | D:5      | Found a transporter.
  1530 | D:5      | Noticed Yohl's ghost (novice FoFi)
  1649 | D:5      | Found a glowing golden altar of the Shining One.
  1830 | D:5      | Identified the amulet "Athriy" {RegenMP rElec rF+ Int-5
                  | Slay+6}
  1859 | D:5      | Reached XP level 8. HP: 35/73 MP: 5/5
  1868 | D:5      | Killed Yohl's ghost
  1868 | D:5      | Reached skill level 5 in Fighting
  1868 | D:5      | Reached skill level 7 in Axes
  1907 | D:5      | Found a transporter.
  1947 | D:6      | Reached skill level 8 in Axes
  1947 | D:6      | Reached skill level 1 in Dodging
  1997 | D:6      | Gained mutation: You passively map the area around you.
                  | [Deep Dwarf growth]
  1997 | D:6      | Reached XP level 9. HP: 70/81 MP: 2/2
  2035 | D:6      | Noticed Sigmund
  2042 | D:6      | Killed Sigmund
  2059 | D:6      | Found a sacrificial altar of Ru.
  2088 | D:6      | Found Beatics's Antique Weapon Emporium.
  2093 | D:6      | Bought an iridescent war axe for 229 gold pieces
  2093 | D:6      | Identified the +5 war axe "Lerhich" {drain, rPois MR+} (You
                  | bought it in a shop on level 6 of the Dungeon)
  2565 | D:7      | Reached skill level 9 in Axes
  2627 | D:7      | You fall into a shaft and drop 1 floor!
  2649 | D:8      | Reached skill level 5 in Dodging
  2844 | D:7      | Found a staircase to the Ecumenical Temple.
  2854 | Temple   | Entered the Ecumenical Temple
  2868 | Temple   | Became a worshipper of Makhleb the Destroyer
  2936 | D:7      | Reached skill level 1 in Invocations
  3100 | D:7      | Found a blossoming altar of Fedhas.
  3354 | D:8      | Noticed Grum
  3362 | D:8      | Reached XP level 10. HP: 47/91 MP: 3/3
  3370 | D:8      | Killed Grum
  3411 | D:8      | Found Ynan's Assorted Antiques.
  3414 | D:8      | Bought a scroll labeled SAWADWAPSU for 33 gold pieces
  3414 | D:8      | Bought a scroll labeled KIDWEOFIO for 33 gold pieces
  3414 | D:8      | Bought a scroll labeled NUVIPE ATWOCRE for 33 gold pieces
  3414 | D:8      | Bought a scroll labeled GAEPE QUIFI for 33 gold pieces
  3668 | D:8      | Reached * piety under Makhleb
  3821 | D:8      | Reached skill level 10 in Axes
  3999 | D:9      | Found a burning altar of Makhleb.
  4235 | D:9      | Found a staircase to the Lair.
  4525 | D:10     | Entered Level 10 of the Dungeon
  4602 | D:10     | Killed an unseen horror
  4602 | D:10     | Reached skill level 5 in Invocations
  4873 | D:10     | Reached ** piety under Makhleb
  5093 | D:11     | Noticed a two-headed ogre
  5104 | D:11     | Killed a two-headed ogre
  5142 | D:11     | Reached XP level 11. HP: 88/99 MP: 7/7
  5213 | D:11     | Noticed a rakshasa
  5245 | D:11     | Killed a rakshasa
  5245 | D:11     | Reached skill level 11 in Axes
  5383 | D:11     | Noticed Maurice
  5394 | D:11     | Killed Maurice
  5423 | D:11     | Noticed Josephine
  5434 | D:11     | Killed Josephine
  5445 | D:11     | Reached *** piety under Makhleb
  5496 | D:11     | Noticed Psyche
  5500 | D:11     | Killed Psyche
  5878 | Lair:1   | Entered Level 1 of the Lair of Beasts
  5928 | Lair:1   | You fall into a shaft and drop 1 floor!
  6144 | Lair:2   | Reached skill level 12 in Axes
  6156 | Lair:2   | Reached XP level 12. HP: 109/109 MP: 8/8
  6394 | Lair:2   | Noticed a five-headed hydra
  6407 | Lair:2   | Killed a 14-headed hydra
  6556 | Lair:2   | Reached **** piety under Makhleb
  6615 | Lair:2   | Reached skill level 10 in Invocations
  6632 | Lair:2   | Found a staircase to the Swamp.
  6890 | Lair:3   | Got a crude copper ring
  6899 | Lair:3   | Noticed Prince Ribbit
  6910 | Lair:3   | Killed Prince Ribbit
  6912 | Lair:3   | Reached skill level 10 in Dodging
  7267 | Lair:3   | Got a jasper-encrusted chain mail
  7278 | Lair:3   | Identified the +6 chain mail of Gluttony {rC+} (You found
                  | it on level 3 of the Lair of Beasts)
  7314 | Lair:3   | Reached skill level 1 in Evocations
  7328 | Lair:3   | Identified the ring "Cihail" {Wiz rF+ rC+} (You found it on
                  | level 3 of the Lair of Beasts)
  7331 | Lair:3   | Found a staircase to the Snake Pit.
  7965 | D:12     | Noticed Fannar
  7981 | D:12     | Killed Fannar
  8042 | D:12     | Reached ***** piety under Makhleb
  8052 | D:12     | Reached skill level 13 in Axes
  8064 | D:12     | Found a staircase to the Orcish Mines.
  8235 | D:12     | Reached skill level 10 in Shields
  8235 | D:12     | Reached XP level 13. HP: 118/118 MP: 11/11
  8274 | D:12     | Reached skill level 10 in Armour
  8527 | D:12     | Found a portal to a secret trove of treasure.
  8977 | D:15     | Entered Level 15 of the Dungeon
  9006 | D:15     | Noticed Louise
  9038 | D:15     | Killed Louise
  9298 | D:15     | Noticed Agnes
  9322 | D:15     | Killed Agnes
  9332 | D:15     | Reached skill level 5 in Evocations
  9334 | D:15     | Reached ****** piety under Makhleb
  9510 | D:15     | Noticed a fire dragon
  9525 | D:15     | Killed a fire dragon
  9526 | D:15     | Found a staircase to the Depths.
  9674 | D:15     | Reached skill level 10 in Fighting
  9682 | D:15     | Reached skill level 14 in Axes
  9686 | D:15     | Gained mutation: You resist negative energy. (rN+) [Deep
                  | Dwarf growth]
  9686 | D:15     | Reached XP level 14. HP: 132/132 MP: 12/12
 10169 | Snake:1  | Entered Level 1 of the Snake Pit
 10615 | Snake:3  | Noticed Aizul
 10642 | Snake:3  | Killed Aizul
 10962 | Snake:4  | Entered Level 4 of the Snake Pit
 11007 | Snake:4  | Noticed Vashnia
 11027 | Snake:4  | Killed Vashnia
 11045 | Snake:4  | Found Qougaof's Weapon Boutique.
 11357 | Snake:4  | Noticed a nagaraja
 11358 | Snake:4  | Noticed a nagaraja
 11362 | Snake:4  | Noticed a nagaraja
 11365 | Snake:4  | Killed a nagaraja
 11367 | Snake:4  | Killed a nagaraja
 11367 | Snake:4  | Reached XP level 15. HP: 141/141 MP: 14/14
 11373 | Snake:4  | Reached skill level 15 in Axes
 11375 | Snake:4  | Killed a nagaraja
 11403 | Snake:4  | Noticed a nagaraja
 11412 | Snake:4  | Noticed an Executioner
 11412 | Snake:4  | Noticed a nagaraja
 11416 | Snake:4  | Killed a nagaraja
 11416 | Snake:4  | Noticed a nagaraja
 11435 | Snake:4  | Killed a nagaraja
 11436 | Snake:4  | Killed a nagaraja
 11457 | Snake:4  | Noticed a nagaraja
 11471 | Snake:4  | Killed a nagaraja
 11485 | Snake:4  | Got a serpentine rune of Zot
 11855 | Swamp:1  | Entered Level 1 of the Swamp
 11861 | Swamp:1  | Noticed Nikola
 11887 | Swamp:1  | Killed Nikola
 12125 | Swamp:2  | You fall into a shaft and drop 1 floor!
 12525 | Swamp:4  | Entered Level 4 of the Swamp
 12534 | Swamp:4  | Noticed a thorn hunter
 12537 | Swamp:4  | Reached XP level 16. HP: 152/152 MP: 13/15
 12545 | Swamp:4  | Killed a thorn hunter
 12620 | Swamp:4  | Noticed a thorn hunter
 12640 | Swamp:4  | Killed a thorn hunter
 12644 | Swamp:4  | Reached skill level 16 in Axes
 12694 | Swamp:4  | Got a decaying rune of Zot
 13472 | Orc:1    | Entered Level 1 of the Orcish Mines
 13505 | Orc:1    | Reached skill level 10 in Evocations
 13666 | Orc:2    | Entered Level 2 of the Orcish Mines
 13718 | Orc:2    | Found a staircase to the Elven Halls.
 13945 | Orc:2    | Found Len Hyt's Magic Scroll Shoppe.
 14009 | Orc:2    | Found Poijy's Assorted Antiques.
 14019 | Orc:2    | Found Fahointiuva's Jewellery Boutique.
 14020 | Orc:2    | Found Hiarhau's Jewellery Shoppe.
 14093 | Orc:2    | Bought a scroll of acquirement for 728 gold pieces
 14093 | Orc:2    | Bought 3 scrolls of fog for 84 gold pieces
 14093 | Orc:2    | Acquired 930 gold pieces
 14271 | Depths:1 | Entered Level 1 of the Depths
 14495 | Depths:2 | Reached XP level 17. HP: 137/163 MP: 16/16
 14537 | Depths:2 | Found Suniehy's Weapon Shop.
 14701 | Depths:2 | Reached skill level 17 in Axes
 14864 | Depths:3 | Found a gateway to a ziggurat.
 14868 | Depths:3 | Noticed a lich
 14885 | Depths:3 | Killed a lich
 14959 | Depths:3 | Found Ifracoz's Gadget Shoppe.
 14963 | Depths:3 | Found Nuiff's Weapon Shoppe.
 15036 | Depths:3 | Found a one-way gate to the infinite horrors of the Abyss.
 15099 | Depths:3 | Voluntarily entered the Abyss.
 15100 | Abyss:1  | Found a corrupted altar of Lugonu.
 15205 | Abyss:1  | Noticed a lich
 15216 | Abyss:1  | Killed a lich
 15579 | Abyss:3  | Reached skill level 15 in Invocations
 15678 | Abyss:4  | Gained mutation: You passively map a large area around you.
                  | [Deep Dwarf growth]
 15678 | Abyss:4  | Reached XP level 18. HP: 160/175 MP: 15/18
 15693 | Abyss:4  | Got an abyssal rune of Zot
 15771 | Depths:3 | Escaped the Abyss
 15772 | Depths:3 | Acquired 400 gold pieces
 15794 | Depths:3 | Noticed Bai Suzhen
 15812 | Depths:3 | Killed Bai Suzhen
 15937 | Depths:3 | Reached skill level 18 in Axes
 15984 | Depths:4 | Found a gateway to Hell.
 16172 | Depths:4 | Noticed a tentacled monstrosity
 16188 | Depths:4 | Killed a tentacled monstrosity
 16194 | Depths:5 | Entered Level 5 of the Depths
 16239 | Depths:5 | Found a flickering gateway to a bazaar.
 16247 | Depths:5 | Found Zutapran's Jewellery Boutique.
 16247 | Depths:5 | Found Lasott's Gadget Emporium.
 16248 | Depths:5 | Found Megeuck's Gadget Emporium.
 16330 | Depths:5 | Noticed a golden dragon
 16350 | Depths:5 | Killed a golden dragon
 16442 | Depths:5 | Noticed a golden dragon
 16467 | Depths:5 | Killed a golden dragon
 16512 | Depths:5 | Found a gate to the Realm of Zot.
 16541 | Depths:5 | Reached skill level 15 in Fighting
 16551 | Zot:1    | Entered Level 1 of the Realm of Zot
 16585 | Zot:2    | Noticed a tentacled monstrosity
 16590 | Zot:3    | Noticed a golden dragon
 16605 | Zot:3    | Reached XP level 19. HP: 132/186 MP: 19/19
 16617 | Zot:3    | Killed a golden dragon
 16777 | Zot:4    | Reached skill level 19 in Axes
 16867 | Zot:4    | Noticed a golden dragon
 16879 | Zot:4    | Killed a golden dragon
 16976 | Zot:4    | Noticed a golden dragon
 16989 | Zot:4    | Killed a golden dragon
 17082 | Zot:4    | Noticed a golden dragon
 17100 | Zot:4    | Killed a golden dragon
 17254 | Zot:5    | Entered Level 5 of the Realm of Zot
 17265 | Zot:5    | Noticed an electric golem
 17265 | Zot:5    | Noticed an orb of fire
 17265 | Zot:5    | Noticed an orb of fire
 17265 | Zot:5    | Noticed an orb of fire
 17267 | Zot:5    | Gained mutation: Your body sometimes deteriorates upon
                  | taking damage. [an orb of fire]
 17270 | Zot:5    | Noticed an orb of fire
 17270 | Zot:5    | Noticed an ancient lich
 17270 | Zot:5    | Noticed an orb of fire
 17270 | Zot:5    | Noticed a Killer Klown
 17270 | Zot:5    | Noticed a golden dragon
 17272 | Zot:5    | Gained mutation: You tend to lose your temper in combat.
                  | [an orb of fire]
 17282 | Zot:5    | Noticed an ancient lich
 17286 | Zot:5    | Noticed an orb of fire
 17286 | Zot:5    | Noticed a Killer Klown
 17287 | Zot:5    | Noticed a Killer Klown
 17287 | Zot:5    | Noticed an electric golem
 17289 | Zot:5    | Noticed an ancient lich
 17302 | Zot:5    | Killed an ancient lich
 17309 | Zot:5    | Gained mutation: Your magical capacity is low. (-10% MP)
                  | [an orb of fire]
 17309 | Zot:5    | Noticed an ancient lich
 17314 | Zot:5    | Killed an orb of fire
 17317 | Zot:5    | Lost mutation: You tend to lose your temper in combat. [an
                  | orb of fire]
 17319 | Zot:5    | Gained mutation: You tend to lose your temper in combat.
                  | [an orb of fire]
 17322 | Zot:5    | Gained mutation: You are clumsy. (Dex -2) [an orb of fire]
 17330 | Zot:5    | Killed an ancient lich
 17330 | Zot:5    | Reached skill level 15 in Armour
 17330 | Zot:5    | Reached skill level 15 in Shields
 17330 | Zot:5    | Reached XP level 20. HP: 196/196 MP: 1/18
 17331 | Zot:5    | Gained mutation: Potions are less effective at restoring
                  | your health. [an orb of fire]
 17335 | Zot:5    | Killed a Killer Klown
 17336 | Zot:5    | Noticed an ancient lich
 17336 | Zot:5    | Gained mutation: You have a pair of small horns on your
                  | head. [an orb of fire]
 17339 | Zot:5    | Gained mutation: Scrolls take you a little longer to read.
                  | [an orb of fire]
 17342 | Zot:5    | Lost mutation: You have a pair of small horns on your head.
                  | [an orb of fire]
 17343 | Zot:5    | Gained mutation: You are occasionally teleported next to
                  | monsters. [an orb of fire]
 17344 | Zot:5    | Gained mutation: Your body often deteriorates upon taking
                  | damage. [an orb of fire]
 17344 | Zot:5    | Gained mutation: You are dopey. (Int -2) [an orb of fire]
 17345 | Zot:5    | Gained mutation: You are very dopey. (Int -4) [an orb of
                  | fire]
 17346 | Zot:5    | Noticed a golden dragon
 17346 | Zot:5    | Killed an orb of fire
 17347 | Zot:5    | Noticed an ancient lich
 17353 | Zot:5    | Reached skill level 20 in Axes
 17357 | Zot:5    | Gained mutation: You often lose your temper in combat. [an
                  | orb of fire]
 17358 | Zot:5    | Killed an orb of fire
 17362 | Zot:5    | Killed an ancient lich
 17374 | Zot:5    | Gained mutation: Scrolls take you longer to read. [an orb
                  | of fire]
 17377 | Zot:5    | Killed an ancient lich
 17386 | Zot:5    | Gained mutation: Your magical capacity is very low. (-20%
                  | MP) [an orb of fire]
 17387 | Zot:5    | Killed an ancient lich
 17393 | Zot:5    | Gained mutation: Armour fits poorly on your strangely
                  | shaped body. [an orb of fire]
 17393 | Zot:5    | Gained mutation: You are very clumsy. (Dex -4) [an orb of
                  | fire]
 17397 | Zot:5    | Gained mutation: You are frail. (-10% HP) [an orb of fire]
 17402 | Zot:5    | Gained mutation: Scrolls take you much longer to read. [an
                  | orb of fire]
 17404 | Zot:5    | Gained mutation: You have an uncontrollable temper. [an orb
                  | of fire]
 17407 | Zot:5    | Killed an orb of fire
 17408 | Zot:5    | Gained mutation: You are weak. (Str -2) [an orb of fire]
 17409 | Zot:5    | Killed a golden dragon
 17411 | Zot:5    | Gained mutation: Your spells are a little easier to cast,
                  | but a little less powerful. [an orb of fire]
 17412 | Zot:5    | Lost intelligence.
 17413 | Zot:5    | Gained mutation: You are very weak. (Str -4) [an orb of
                  | fire]
 17414 | Zot:5    | Annihilated by an Orb Guardian

Illustrated notes

Levels and vault maps discovered:
D:1:      evilmike_arrival_hilbert_curve, layout_basic, minmay_small_reverse_x
D:2:      minmay_diamond_boxcup, layout_basic, nemelex_altar_shiori,
          vehumet_crystals, gammafunk_temple_overflow_wave
D:3:      layout_loops_corners, lemuel_coloured_pillars_altar, xom_redecorated,
          cheibrodos_gnoll_hut
D:4:      layout_rooms, trog_eyes_of_draining, kennysheep_mini,
          gammafunk_ghost_stat_death
D:5:      layout_rooms, lemuel_crystal_altar, old_standard_altar,
          lemuel_doored_altar, gammafunk_ghost_gnarly_gnolls, eino_curves_01
D:6:      layout_cave_pools, lemuel_round_altar, serial_shops,
          kennysheep_little_box, grunt_decor_mini_mirrors,
          minmay_fractal_squares_5, uniq_sigmund
D:7:      layout_loops_cross, fedhas_altar_4, minmay_temple_entry_arrows
D:8:      layout_loops_ring, serial_shops, shop, uniq_grum
D:9:      layout_basic, grunt_lair_entry_orc_guard_hut, basic_altar,
          corexii_leaking_fountain, minmay_quadrilaterals
D:10:     layout_basic
D:11:     statuecave_lemuel, layout_loops_ring, minmay_fountain_box,
          kennysheep_small_square, uniq_josephine, uniq_psyche, uniq_maurice
D:12:     layout_roguey, zombieorc1_lemuel, nicolae_trove_entry_free_sample,
          uniq_fannar
D:13:     minmay_the_grid_triangle_9x9_rhombus_full
          [minmay_the_grid_triangle_9x9_limited_checkers,
          minmay_the_grid_triangle_9x9_tough_junction,
          minmay_the_grid_triangle_9x9_alien,
          minmay_the_grid_triangle_9x9_flanged_cone,
          minmay_the_grid_triangle_9x9_sprig,
          minmay_the_grid_triangle_9x9_fully_insulated_deathbox,
          minmay_the_grid_triangle_9x9_subtriangle,
          minmay_the_grid_triangle_9x9_prize_top_heavy], layout_basic,
          gammafunk_ghost_icy, gauntlet_entry_generic,
          hangedman_cracks_in_the_wall, uniq_azrael
D:14:     erik_rubicon_b, layout_small_grid,
          hangedman_vaults_entry_quadrant_bands, serial_shops,
          nicolae_shop_competitors_out_of_business, chequers_avenue,
          due_unseen_surprise
D:15:     grunt_enter_depths_hoard, layout_small_grid, patterned_corridor,
          minmay_splitting_lines, minivault_25_ag, minmay_bent, uniq_agnes,
          uniq_louise
Temple:   corrupted_temple
Lair:1:   layout_chaotic_city, chequers_serial_rivers_micro_a
Lair:2:   layout_gridlike, nicolae_swamp_entry_splash_gauntlet,
          beast_lair_carwin_11, grunt_megastairs_2, serial_bayou_shore_a
Lair:3:   layout_loops_ring, minmay_snake_entry_guardpost_medium,
          uniq_prince_ribbit2
Swamp:1:  layout_falls_marsh, evilmike_swamp_ruin_house_5, swamp_pool4,
          uniq_frances, uniq_nikola
Swamp:2:  layout_falls_marsh, nicolae_swamp_stair_fork, swamp_pool3,
          st_swamp_ruins_1
Swamp:3:  layout_basic_swamp, nicolae_swamp_very_dense_foliage
Swamp:4:  swamp, layout_basic_swamp, infiniplex_staircase_pool_2
Snake:1:  layout_layer_cave, eino_curves_03, serial_bayou_shore_b
Snake:2:  layout_honeycomb, basic_altar, drop_trap
Snake:3:  layout_onion_interference, uniq_aizul
Snake:4:  snake_pit, layout_misc_corridors, serial_shops, shop, uniq_vashnia
Orc:1:    layout_diamond_mine, serial_shops, nicolae_shop_trees,
          statue_in_the_mist_lemuel, nicolae_orc_lava_tube
Orc:2:    st_orc_elflike, layout_caves
Depths:1: layout_cave_pools, special_room [special_room_morgue], minmay_holes,
          pf_hell_entry_great_geh, rand_demon_pan_entry_9, serial_shops, shop,
          kennysheep_generic_room_3
Depths:2: gammafunk_mikee_crab_dinner, layout_gridlike, nicolae_two_hexagons,
          grunt_hell_entry_dis_old, minmay_room_of_horrors, serial_shops,
          nicolae_shop_stone, minmay_staircase_windowed_small
Depths:3: little_maze_vault, layout_cave_shapes, enter_ziggurat_b,
          pf_coc_iceberg, rand_demon_pan_entry_3, abyss_entry_small_statue_room,
          minmay_misc_feat_secret_circle, minmay_shop_star,
          infiniplex_staircase_x, uniq_bai_suzhen
Depths:4: kennysheep_ambush_hall, layout_basic, dk_noncrumbling_2, hell_entry,
          marbit_kobold_abyss_entry, rand_demon_pan_entry_5,
          minmay_misc_feat_chi, chequers_serial_rivers_marsh
Depths:5: grunt_zot_entry_bicorn, layout_gridlike, hangedman_glass_teeth,
          grunt_metal_band, serial_shops, bzr_entry_water, special_room
          [special_room_mythical_zoo], hangedman_decor_slide_cut,
          minmay_shop_grove
Zot:1:    lemuel_draconian_sentries, layout_onion_interference
Zot:2:    grunt_zot_stairs_overgrown, layout_onion_interference,
          hangedman_spider_trapstep
Zot:3:    layout_gridlike, grunt_ministairs_2
Zot:4:    layout_basic, grunt_megastairs_1
Zot:5:    layout_basic

Skill      XL: |  1  2  3  4  5  6  7  8  9 10 11 12 13 14 15 16 17 18 19 20 |
---------------+-------------------------------------------------------------+-----
Axes           | 3 4 5 6 8 9 10 12 13 14 15 16 17 18 19 20 | 20.8
Fighting       | 3 4 5 6 7 8 10 11 12 13 14 15 16 17 | 17.0
Shields        | 4 5 6 7 8 9 10 11 12 13 14 15 | 15.0
Armour         | 4 5 6 7 8 9 10 11 12 13 14 15 | 15.7
Dodging        | 2 5 7 9 10 12 13 14 | 14.6
Invocations    | 2 6 9 10 11 12 13 14 15 16 17 | 17.8
Evocations     | 3 5 7 9 10 | 10.0

Action                   |  1- 3 |  4- 6 |  7- 9 | 10-12 | 13-15 | 16-18 | 19-21 || total
-------------------------+-------+-------+-------+-------+-------+-------+-------++-------
Melee: War axe           |   109 |   104 |   271 |   596 |   856 |  1130 |   301 ||  3367
       Headbutt          |       |       |       |       |       |       |     1 ||     1
Invok: Greater Servant o |       |       |       |       |     5 |     6 |     2 ||    13
       Lesser Servant of |       |       |       |       |     4 |       |       ||     4
 Abil: Heal Wounds       |       |     4 |    29 |     4 |     4 |     4 |     8 ||    53
Evoke: Tin of tremorston |       |       |       |       |     3 |     5 |     3 ||    11
       Wand              |       |       |       |       |       |     2 |     5 ||     7
       Condenser vane    |       |       |       |       |       |       |     5 ||     5
  Use: Potion            |       |       |     1 |       |     1 |     2 |     4 ||     8
       Scroll            |       |       |       |    23 |    12 |     6 |     4 ||    45
 Stab: Distracted        |       |       |       |       |     4 |     3 |     2 ||     9
       Confused          |       |       |       |       |       |     1 |     3 ||     4
       Petrified         |       |       |       |       |       |     4 |       ||     4
       Paralysed         |       |       |       |       |       |       |     3 ||     3
Armor: Plate armour      |    68 |   105 |   276 |   194 |       |       |       ||   643
       Scale mail        |     8 |       |       |       |       |       |       ||     8
       Chain mail        |       |       |       |    71 |   603 |   603 |   275 ||  1552
Dodge: Dodged            |    23 |    13 |    89 |   168 |   542 |   600 |   205 ||  1640
Block: Kite shield       |    74 |    74 |   239 |   307 |   818 |   932 |   358 ||  2802

Table legend: (Time is in decaauts)
 A = Elapsed time spent in this place.
 B = Non-inter-level travel time spent in this place.
 C = Inter-level travel time spent in this place.
 D = Time resting spent in this place.
 E = Time spent auto-exploring this place.
 F = Levels seen in this place.
 G = Mean time per level.
                   A        B        C        D        E       F      G
               +--------+--------+--------+--------+--------+-----+--------+
         Total |  17104 |  14912 |   2192 |     35 |   9868 |  43 |  397.8 |
       Dungeon |   8612 |   7475 |   1137 |      0 |   5371 |  15 |  574.1 |
        Temple |     28 |     15 |     13 |      0 |      8 |   1 |   28.0 |
          Lair |   2221 |   1904 |    317 |     23 |   1524 |   3 |  740.3 |
         Swamp |   1239 |   1047 |    192 |      0 |    524 |   4 |  309.8 |
     Snake Pit |   1537 |   1208 |    329 |      0 |    754 |   4 |  384.2 |
  Orcish Mines |    640 |    577 |     63 |      0 |    436 |   2 |  320.0 |
        Depths |   1424 |   1326 |     98 |      0 |    583 |   5 |  284.8 |
           Zot |    788 |    748 |     40 |     12 |    333 |   5 |  157.6 |
         Abyss |    612 |    612 |      0 |      0 |    334 |   4 |  153.0 |
               +--------+--------+--------+--------+--------+-----+--------+

Top non-repeatable levels by time:
    D:15: 1093 daAuts
  Lair:2: 1056 daAuts
    D:12: 816 daAuts
  Lair:3: 813 daAuts
    D:11: 796 daAuts
     D:4: 710 daAuts
     D:8: 690 daAuts
     D:7: 688 daAuts
     D:9: 649 daAuts
    D:10: 633 daAuts
     D:6: 632 daAuts
     D:5: 627 daAuts
Depths:3: 540 daAuts
 Snake:4: 524 daAuts
 Snake:1: 489 daAuts
